 Dungeon Crawl Stone Soup version 0.28-a0-1638-g9123634e07 (webtiles) character file.

Game seed: 11839129334942339703

9987 testman the Fighter (level 11, 0/99 HPs)
             Began as a Palentonga Fighter on Jan 25, 2022.
             Was an Initiate of Gozag.
             Killed from afar by a starcursed mass (3 damage)
             ... with an accursed screaming
             ... on level 1 of the Abyss.
             The game lasted 00:46:07 (14999 turns).

testman the Fighter (Palentonga Fighter)           Turns: 14999, Time: 00:46:09

Health: 0/99       AC: 20    Str: 23    XL:     11   Next: 30%
Magic:  0/20       EV:  6    Int: 15    God:    Gozag
Gold:   2215       SH:  5    Dex: 10    Spells: 10/10 levels left

rFire   . . .      SeeInvis +   L - +1 flail (vorpal)
rCold   . . .      Faith    .   c - +0 buckler
rNeg    . . .      Spirit   +   e - +0 storm dragon scales
rPois   .          Reflect  .   (no helmet)
rElec   +          Harm     .   (no cloak)
rCorr   .          Rampage  .   J - +1 pair of gloves
Will    .....                   (no barding)
Stlth   ..........              H - amulet of guardian spirit
HPRegen 0.00/turn               o - +6 ring of intelligence
MPRegen 0.17/turn               u - ring of magical power

@: sick, flying, studying Armour, curled up, unable to read
A: large, rugged brown scales 3, see invisible, deformed body, roll 1, armoured
tail, reflexive curl, inability to read while threatened
a: Rolling Charge, Renounce Religion, Potion Petition, Call Merchant, Bribe
Branch


You were on level 1 of the Abyss.
You worshipped Gozag.
Gozag was most pleased with you.
You visited 2 branches of the dungeon, and saw 10 of its levels.
You visited the Abyss 1 time.
You also visited: Sewer.

You collected 2439 gold pieces.
You paid 224 gold pieces to Gozag.

Inventory:

Hand Weapons
 g - a +0 hunting sling
 v - a +0 morningstar
 L - a +1 vorpal flail (weapon)
Missiles
 d - 14 boomerangs
 k - 202 stones
 F - 2 throwing nets
Armour
 b - a +0 scale mail
 c - a +0 buckler (worn)
 e - +0 storm dragon scales (worn)
 J - a +1 pair of gloves (worn)
Jewellery
 a - a ring of flight
 o - a +6 ring of intelligence (left hand)
 u - a ring of magical power (right hand)
 H - an amulet of guardian spirit (around neck)
 O - a ring of magical power
Wands
 y - a wand of iceblast (25)
 E - a wand of polymorph (9)
 M - a wand of digging (7)
Scrolls
 j - 4 scrolls of fear
 l - a scroll of magic mapping {unknown}
 p - 3 scrolls of amnesia {unknown}
 r - 3 scrolls of enchant weapon {unknown}
 s - 4 scrolls of immolation {unknown}
 w - 2 scrolls of enchant armour {unknown}
 B - a scroll of summoning {unknown}
 G - a scroll of holy word {unknown}
 I - 5 scrolls of identify {unknown}
 N - a scroll of fog {unknown}
Potions
 f - a potion of magic {unknown}
 h - a potion of resistance {unknown}
 i - 3 potions of invisibility
 m - a potion of ambrosia
 q - 3 potions of flight
 t - 3 potions of degeneration {unknown}
 z - a potion of cancellation {unknown}
 A - a potion of might
 C - 2 potions of mutation
 D - a potion of lignification {unknown}
 K - a potion of haste {unknown}


   Skills:
 + Level 11.1 Fighting
 + Level 10.8 Maces & Flails
 + Level 6.7 Armour
 - Level 7.3 Shields


You had 10 spell levels left.
You didn't know any spells.
Your spell library contained the following spells:

 Spells                   Type           Power      Damage    Failure   Level
 Blink                    Tloc           0%         N/A       97%         2
 Sublimation of Blood     Necr           0%         N/A       97%         2
 Lesser Beckoning         Tloc           0%         N/A       100%        3
 Stone Arrow              Conj/Erth      0%         3d7       100%        3
 Airstrike                Air            0%         N/A       100%        4
 Animate Armour           Summ/Erth      0%         N/A       100%        4
 Animate Dead             Necr           0%         N/A       100%        4
 Petrify                  Tmut/Erth      0%         N/A       100%        4
 Summon Lightning Spire   Summ/Air       0%         N/A       100%        4
 Borgnjor's Vile Clutch   Necr/Erth      0%         N/A       100%        5
 Irradiate                Conj/Tmut      0%         3d14      100%        5
 Lightning Bolt           Conj/Air       0%         1d11      100%        5
 Manifold Assault         Tloc           0%         N/A       100%        5
 Death Channel            Necr           0%         N/A       100%        6
 Haunt                    Necr/Summ      0%         N/A       100%        7
 Infestation              Necr           0%         N/A       100%        8
 Lehudib's Crystal Spear  Conj/Erth      0%         10d2      100%        8


Dungeon Overview and Level Annotations

Branches:
Dungeon (9/15)             Temple (1/1) D:7           Sewer (visited)
   Lair: D:8-11         Orc: D:9-12

Altars:
Elyvilon
Gozag
Ru
Vehumet
Wu Jian

Shops:
D:5 [

Annotations:
D:9 Erolcha


Innate Abilities, Weirdness & Mutations

You are completely covered in rugged brown scales. (AC +3, +7% HP)
You have supernaturally acute eyesight. (SInv)
Armour fits poorly on your strangely shaped body.
You can roll at nearby foes to attack.
You have a long armoured tail.
You curl defensively after being hit. (AC +7*)
You sometimes lose the ability to read scrolls when taking damage.


Message History

A starspawn tentacle comes into view.
A starspawn tentacle comes into view.
A starcursed mass splits.
A chorus of shrieks assaults your mind.
* * * LOW HITPOINT WARNING * * *
A chorus of shrieks assaults your mind.
* * * LOW HITPOINT WARNING * * *
You feel ill.
A starcursed mass splits.
The large abomination hits you!!
* * * LOW HITPOINT WARNING * * *
Blink to where?
Press: ? - help, Dir - move target A chaos spawn comes into view.
As you read the scroll of blinking, it crumbles to dust.
It was a potion of mutation.
You feel extremely strange.
You lose the ability to read scrolls when threatened.
It was a potion of flight.
You feel very buoyant.
You fly up into the air.
A great orb of eyes comes into view.
It was a potion of ambrosia.
You are confused.
You feel invigorated.
The great orb of eyes turns its gaze towards you.
You're too confused to move!
The chaos spawn hits you!
You feel threatened and lose the ability to read scrolls!
* * * LOW HITPOINT WARNING * * *
The chaos spawn shocks you. You resist.
* * * LOW HITPOINT WARNING * * *
A chorus of shrieks assaults your mind.
* * * LOW HITPOINT WARNING * * *
You feel less invigorated.
You feel less confused. The chaos spawn gores you!
* * * LOW HITPOINT WARNING * * *
You are engulfed in flames!
* * * LOW HITPOINT WARNING * * *
A chorus of shrieks assaults your mind.
You die...
Your body crumbles into a pile of gold.

.##### #...... .......
....... #...... ......#
#......##......#
................
....G...........
................
.......4........
.......@........ . ...
........................
#......##......##. .....
#......##.X....##... ...
...................... .
..............X....... .
.............X.X........
.............XX...XX.X..
#.....##...##.#.#


You could see 3 starcursed masses, a tentacled starspawn, a great orb of eyes, a
large abomination and a chaos spawn.

Vanquished Creatures
  A centaur warrior (D:8)
  A two-headed ogre (D:8)
  2 smoke demons (Abyss:1)
  Maggie (D:9)
  Psyche (D:9)
  A large abomination (Abyss:1)
  22 yaks
  2 steam dragons
  Menkaure (D:5)
  An acid dragon (D:9)
  2 black bears
  An ice beast (D:5)
  2 sky beasts (D:8)
  4 orc warriors
  5 necrophages
  4 ogres
  A centaur (D:8)
  2 phantoms
  5 bullfrogs
  A gnoll sergeant (D:7)
  4 scorpions
  A water moccasin zombie (D:5)
  2 water moccasin skeletons
  12 killer bees
  5 wights
  2 centaur zombies
  A hound (D:4)
  7 orc priests
  A jelly (D:7)
  3 bullfrog skeletons
  An iron imp (Abyss:1)
  Jessica (D:3)
  3 gnoll shamans
  5 iguanas
  3 orc wizards
  Natasha (D:3)
  22 gnolls
  A river rat (D:3)
  15 adders
  An ufetubus (D:5)
  An adder zombie (D:5)
  2 adder skeletons
  2 worms
  A dart slug (D:5)
  22 orcs
  20 ball pythons
  16 endoplasms
  7 giant cockroaches
  7 goblins
  6 hobgoblins
  6 jackals
  12 quokkas
  7 bats
  11 frilled lizards
  6 kobolds
  10 rats
287 creatures vanquished.

Vanquished Creatures (others)
  2 starspawn tentacles (Abyss:1)
2 creatures vanquished.

Grand Total: 289 creatures vanquished

Notes
Turn   | Place    | Note
-------+----------+-------------------------------------------
     0 | D:1      | testman the Palentonga Fighter began the quest for the Orb.
     0 | D:1      | Reached XP level 1. HP: 19/19 MP: 1/1
   226 | D:1      | Found a faded altar of an unknown god.
   229 | D:1      | Prayed at the altar of an unknown god.
   229 | D:1      | Became a worshipper of Gozag Ym Sagoz the Greedy
   272 | D:1      | Reached XP level 2. HP: 25/25 MP: 2/2
   840 | D:1      | Reached XP level 3. HP: 31/31 MP: 3/3
  1172 | D:2      | Found an ornate altar of the Wu Jian Council.
  1829 | D:2      | Reached skill level 4 in Fighting
  1851 | D:2      | Reached XP level 4. HP: 27/39 MP: 4/4
  2168 | D:3      | Identified a scroll of acquirement
  2168 | D:3      | Acquired a manual of Armour
  2252 | D:3      | Found a glowing drain.
  2276 | Sewer    | Entered a sewer
  2571 | Sewer    | Reached XP level 5. HP: 46/46 MP: 5/5
  3046 | Sewer    | Reached skill level 5 in Fighting
  3305 | D:3      | Reached XP level 6. HP: 52/54 MP: 6/6
  3791 | D:3      | Noticed Natasha
  3796 | D:3      | Killed Natasha
  3861 | D:3      | Noticed Jessica
  3876 | D:3      | Killed Jessica
  4542 | D:3      | Reached skill level 5 in Maces & Flails
  5174 | D:4      | Gained mutation: You curl defensively after being hit. (AC
                  | +7*) [Palentonga growth]
  5174 | D:4      | Reached XP level 7. HP: 51/60 MP: 7/7
  5265 | D:4      | Reached skill level 6 in Fighting
  5447 | D:4      | Noticed a steam dragon
  5451 | D:4      | Killed a steam dragon
  5853 | D:5      | Entered Level 5 of the Dungeon
  6037 | D:5      | Reached XP level 8. HP: 58/69 MP: 8/8
  6257 | D:5      | Found Niczaulaonn's Armour Shoppe.
  6313 | D:5      | Reached skill level 7 in Fighting
  6574 | D:5      | Found a radiant altar of Vehumet.
  6850 | D:5      | Reached skill level 5 in Shields
  6978 | D:5      | Noticed Menkaure
  6982 | D:5      | Killed Menkaure
  6983 | D:5      | Found a white marble altar of Elyvilon.
  7726 | D:6      | Reached XP level 9. HP: 79/79 MP: 9/9
  7891 | D:6      | Reached skill level 8 in Fighting
  7987 | D:6      | Acquired an amulet of guardian spirit
  9143 | D:7      | Found a staircase to the Ecumenical Temple.
  9365 | Temple   | Entered the Ecumenical Temple
 10500 | D:7      | Reached skill level 9 in Fighting
 10781 | D:6      | HP: 2/75 [poisoned by a killer bee]
 11434 | D:8      | Noticed a centaur warrior
 11444 | D:8      | Killed a centaur warrior
 11445 | D:8      | Reached XP level 10. HP: 29/88 MP: 7/10
 12209 | D:8      | Noticed a two-headed ogre
 12223 | D:8      | Killed a two-headed ogre
 12580 | D:8      | Reached skill level 10 in Fighting
 12642 | D:8      | Reached skill level 10 in Maces & Flails
 13661 | D:9      | Reached skill level 5 in Armour
 13830 | D:9      | Reached XP level 11. HP: 77/98 MP: 11/11
 13836 | D:9      | Noticed Maggie
 13861 | D:9      | Killed Maggie
 14225 | D:9      | Noticed Erolcha
 14437 | D:9      | Reached skill level 11 in Fighting
 14521 | D:9      | Noticed Psyche
 14536 | D:9      | Killed Psyche
 14846 | D:9      | Cast into level 1 of the Abyss (Erolcha)
 14846 | Abyss:1  | Found a corrupted altar of Lugonu.
 14852 | Abyss:1  | Found a stormy altar of Qazlal.
 14956 | Abyss:1  | Noticed a starcursed mass
 14987 | Abyss:1  | Noticed a tentacled starspawn
 14988 | Abyss:1  | Noticed a starcursed mass
 14992 | Abyss:1  | HP: 4/99 [large abomination (18)]
 14994 | Abyss:1  | Gained mutation: You sometimes lose the ability to read
                  | scrolls when taking damage. [potion of mutation]
 14995 | Abyss:1  | Noticed a great orb of eyes
 14999 | Abyss:1  | HP: 3/99 [chaos spawn (3)]
 14999 | Abyss:1  | Killed from afar by a starcursed mass

Illustrated notes

Levels and vault maps discovered:
D:1:      onia_arrival_pyramid, layout_loops_ring,
          shapermc_ecumenical_altar_mp_vishouse, minmay_tromino_v7
D:2:      layout_loops_ring, basic_altar
D:3:      layout_loops_ring, gup_sewer_entry_bubbles, minmay_snake_closets,
          uniq_jessica, uniq_natasha
D:4:      layout_cave_pools
D:5:      layout_loops_ring, serial_shops, shop, hangedman_feature_mirror,
          corner_web_ring, minmay_fractal_squares_5, uniq_menkaure
D:6:      wad_crossroads, layout_basic
D:7:      layout_loops_ring, minmay_temple_entry_tees
D:8:      layout_loops_ring, minmay_misc_feat_plants
D:9:      layout_basic, xom_teletrap_fun, guppyfry_early_elven_hall,
          uniq_psyche, uniq_erolcha, uniq_maggie
Temple:   minmay_crystal_snake_temple
Abyss:1:  base: D:9, minivault_24

Skill      XL: |  1  2  3  4  5  6  7  8  9 10 11 |
---------------+----------------------------------+-----
Maces & Flails | 3 4 5 6 7 9 10 | 10.8
Fighting       | 4 5 6 7 9 10 11 | 11.1
Shields        | 3 4 5 6 7 |  7.3
Armour         | 5 6 |  6.7

Action                   |  1- 3 |  4- 6 |  7- 9 | 10-12 || total
-------------------------+-------+-------+-------+-------++-------
Melee: Flail             |   138 |   181 |       |   301 ||   620
       Tailslap          |    11 |    31 |    40 |    57 ||   139
       Morningstar       |       |    63 |   353 |    11 ||   427
Throw: Boomerang         |       |       |       |     1 ||     1
Invok: Potion Petition   |       |       |       |     1 ||     1
 Abil: Rolling Charge    |       |     2 |    12 |    25 ||    39
  Use: Scroll            |       |     3 |     3 |     4 ||    10
       Potion            |       |       |     5 |     3 ||     8
 Stab: Distracted        |       |       |     2 |     1 ||     3
Armor: Scale mail        |    80 |   125 |   144 |       ||   349
       Skin              |       |       |    11 |     2 ||    13
       Storm dragon scal |       |       |       |   138 ||   138
Dodge: Dodged            |    44 |   107 |   109 |    59 ||   319
Block: Buckler           |    28 |    55 |    72 |    59 ||   214

Table legend: (Time is in decaauts)
 A = Elapsed time spent in this place.
 B = Non-inter-level travel time spent in this place.
 C = Inter-level travel time spent in this place.
 D = Time resting spent in this place.
 E = Time spent auto-exploring this place.
 F = Levels seen in this place.
 G = Mean time per level.
                   A        B        C        D        E       F      G
               +--------+--------+--------+--------+--------+-----+--------+
         Total |  15254 |  14898 |    356 |   4733 |   7571 |  12 | 1271.2 |
       Dungeon |  13390 |  13034 |    356 |   3594 |   7306 |   9 | 1487.8 |
        Temple |    687 |    687 |      0 |    640 |      0 |   1 |  687.0 |
         Abyss |    150 |    150 |      0 |      0 |      0 |   1 |  150.0 |
         Sewer |   1026 |   1026 |      0 |    499 |    264 |   1 | 1026.0 |
               +--------+--------+--------+--------+--------+-----+--------+

Top non-repeatable levels by time:
     D:7: 2117 daAuts
     D:3: 1854 daAuts
     D:8: 1847 daAuts
     D:6: 1680 daAuts
     D:5: 1462 daAuts
     D:9: 1229 daAuts
     D:1: 1198 daAuts
   Sewer: 1026 daAuts
     D:2: 1008 daAuts
     D:4: 991 daAuts
  Temple: 687 daAuts
 Abyss:1: 150 daAuts
